 Dungeon Crawl Stone Soup version 0.16-a0-791-gf1c67de (webtiles) character file.

118 RobertPalmer the Ducker (level 5, -1/48 HPs)
             Began as an Ogre Transmuter on Sept 28, 2014.
             Slain by an iguana (9 damage)
             ... on Level 4 of the Dungeon.
             The game lasted 00:07:37 (4072 turns).

RobertPalmer the Ducker (Ogre Transmuter)           Turns: 4072, Time: 00:07:37

HP  -1/48        AC  5     Str 17      XL: 5   Next:  2%
MP   9/9         EV 11     Int 12      God:
Gold 144         SH  0     Dex 13      Spells:  2 memorised,  5 levels left

rFire  + . .     SeeInvis +     a - +0 club
rCold  x . .     Clarity  +     c - +1 robe
rNeg   . . .     rCorr    .     (shield restricted)
rPois  .         rRot     .     (helmet restricted)
rElec  .         Spirit   .     j - +0 cloak
SustAb .         Warding  .     (gloves unavailable)
rMut   .         Stasis   .     (boots unavailable)
Gourm  .                        g - amulet of clarity
MR     .....                    m - ring of fire
                                o - ring of see invisible

@: appendage (expiring), not resistant to hostile enchantments, unstealthy
A: unfitting armour, talons 3, thin skeletal structure 1, sense surroundings 1,
strong 1, tough skin 1
a: End Transformation


You were on level 4 of the Dungeon.
You were not hungry.
You had grown temporary talons.
You visited 1 branch of the dungeon, and saw 4 of its levels.

You collected 144 gold pieces.


Innate Abilities, Weirdness & Mutations

You are too large for most types of armour.
You have tough skin (AC +1).
You have claws for feet.
You have a somewhat thin skeletal structure (Dex +2, Stealth).
You passively map a small area around you.
Your muscles are strong. (Str +2)


   Skills:
 - Level 1.3 Fighting
 + Level 2.7 Maces & Flails
 - Level 2.9 Dodging
 - Level 2.6 Unarmed Combat
 - Level 2.4 Spellcasting
 - Level 2.6 Transmutations


You had 5 spell levels left.
You knew the following spells:

 Your Spells              Type           Power        Failure   Level  Hunger
z - Beastly Appendage     Trmt           #.....       12%         1    ##.....
Z - Sticks to Snakes      Trmt           #.........   14%         2    ###....

Inventory:

Hand weapons
 a - a +0 club (weapon)
Armour
 c - a +1 robe (worn)
 j - a +0 cloak (worn)
Comestibles
 s - 2 meat rations
Scrolls
 e - 3 scrolls of enchant armour
 h - a scroll of teleportation
 i - a scroll of immolation {unknown}
 l - 2 scrolls of identify {unknown}
Jewellery
 g - an amulet of clarity (around neck)
 m - a ring of fire (right hand)
 o - a ring of see invisible (left hand)
Potions
 k - a potion of heal wounds {unknown}
 p - a potion of agility {unknown}
 q - a potion of flight {unknown}
 r - a potion of degeneration {unknown}
Books
 d - a book of Changes

Dungeon Overview and Level Annotations

Branches:
Dungeon (4/15)
 Temple: D:4-7

Altars:
Fedhas
Xom
Zin
The Shining One

Annotations:
D:3 Sigmund
D:4 Prince Ribbit

#.## #.# #..#
## #>####
##..#
#.>##...., *
#...#
*........
..### #......*
.## #.....# ##
#....# ##
*#.l.# .#
#@.## .##
#<..# #.##
##..## ##.##
##...# ##.##
##..### ##(##
##..## #..##
##..##
##...####..##
###..####...##


You could see an iguana.


Message History

There is a stone staircase leading up here.
Your feet morph into talons.
You hit the iguana but do no damage. You claw the iguana.
The iguana is lightly wounded.
The iguana bites you!
You hit the iguana but do no damage.
The iguana is lightly wounded.
The iguana bites you.
You hit the iguana but do no damage. You claw the iguana.
The iguana is lightly wounded.
The iguana barely misses you.
You hit the iguana but do no damage.
The iguana is lightly wounded.
The iguana bites you.
You barely miss the iguana.
The iguana is lightly wounded.
The iguana bites you. The iguana bites you!
* * * LOW HITPOINT WARNING * * *
You hit the iguana.
The iguana is moderately wounded.
The iguana bites you!
* * * LOW HITPOINT WARNING * * *
You barely miss the iguana. You claw the iguana, but do no damage.
The iguana is moderately wounded.
The iguana barely misses you.
You closely miss the iguana.
The iguana is moderately wounded.
Your transformation is almost over.
The iguana bites you!
You die...

Action                   |  1- 3 |  4- 6 || total
-------------------------+-------+-------++-------
Melee: Unarmed           |   142 |    14 ||   156
       Club              |       |   106 ||   106
 Cast: Beastly Appendage |    19 |    10 ||    29
       Sticks to Snakes  |     7 |     5 ||    12
  Use: Scroll            |     1 |     2 ||     3
       Potion            |       |     4 ||     4
  Eat: Meat ration       |     1 |       ||     1
       Chunk             |       |     3 ||     3
       Bread ration      |       |     1 ||     1
       Pizza             |       |     1 ||     1

Vault maps used:
D:1:      minmay_arrival_jagged
D:2:      zin_statuary, old_standard_altar, lemuel_crystal_altar,
          lemuel_doored_altar, kennysheep_cluttered_room, st_stairs_13
D:3:      uniq_sigmund
D:4:      kennysheep_little_box, first_bread, uniq_prince_ribbit1, uniq_natasha,
          uniq_iyjb

Notes
Turn   | Place    | Note
--------------------------------------------------------------
     0 | D:1      | RobertPalmer, the Ogre Transmuter, began the quest for the Orb.
     0 | D:1      | Reached XP level 1. HP: 19/19 MP: 3/3
   336 | D:1      | Reached skill level 2 in Transmutations
   336 | D:1      | Reached XP level 2. HP: 24/27 MP: 3/5
  1143 | D:1      | Reached XP level 3. HP: 30/33 MP: 3/6
  1540 | D:2      | Found a glowing golden altar of the Shining One.
  1628 | D:2      | Found a shimmering altar of Xom.
  1691 | D:2      | Learned a level 2 spell: Sticks to Snakes
  1726 | D:2      | Reached skill level 2 in Dodging
  2187 | D:2      | Reached XP level 4. HP: 32/41 MP: 6/8
  2268 | D:2      | Found a blossoming altar of Fedhas.
  2319 | D:2      | Found a glowing silver altar of Zin.
  2683 | D:3      | Noticed Sigmund
  3344 | D:4      | Reached skill level 1 in Maces & Flails
  3424 | D:4      | Noticed Prince Ribbit
  3475 | D:4      | Reached skill level 2 in Maces & Flails
  3475 | D:4      | Reached XP level 5. HP: 28/48 MP: 9/9
  3763 | D:4      | Gained mutation: Your muscles are strong. (Str +2) [potion of mutation]
  3763 | D:4      | Gained mutation: You passively map a small area around you. [potion of mutation]
  3763 | D:4      | Gained mutation: You have a somewhat thin skeletal structure (Dex +2, Stealth). [potion of mutation]
  3763 | D:4      | HP: 2/48 [iguana (8)]
  4072 | D:4      | Slain by an iguana

Vanquished Creatures
  2 worker ants (D:4)
  A worm (D:2)
  3 giant geckos
  3 oozes
  5 bats
  5 giant cockroaches
  10 goblins
  2 hobgoblins
  A quokka (D:4)
  2 giant newts
  8 kobolds
  An orc skeleton (D:4)
  6 rats
49 creatures vanquished.

Vanquished Creatures (collateral kills)
  2 adders (D:2)
  A worm (D:2)
  A kobold (D:2)
  A bat (D:2)
  A giant newt (D:2)
6 creatures vanquished.

Grand Total: 55 creatures vanquished
